Map: Ulrena

Players

pupu - Winner!

  • Race: Protoss Protoss
  • League: Silver

Rough

  • Race: Terran Terran
  • League: Silver

VOD

Have the link to the VOD?

Description

Time

  • Played on: April 11, 2016, 10:54 a.m.
  • Length: 9:02
Show
View Real Time Build Order
Export as new Build Order

pupu Protoss - Winner!

Build Orders: Oracle Opening 

Get SALT Encoding   

  12  0:01  Probe (Chrono Boost)  
  13  0:11  Probe (Chrono Boost)  
  14  0:18  Pylon  
  14  0:22  Probe (Chrono Boost)  
  15  0:36  Probe (Chrono Boost)  
  15  0:38  Gateway  
  16  0:47  Probe (Chrono Boost)  
  17  0:52  Assimilator  
  17  0:57  Assimilator  
  17  0:58  Probe (Chrono Boost)  
  18  1:08  Probe (Chrono Boost)  
  19  1:12  Pylon  
  19  1:19  Probe (Chrono Boost)  
  20  1:26  Cybernetics Core  
  20  1:29  Probe (Chrono Boost)  
  22  1:40  Probe (Chrono Boost)  
  22  1:50  Probe (Chrono Boost)  
  23  2:05  Stargate  
  23  2:11  Warp Gate (Chrono Boost)  
  23  2:17  Nexus  
  23  2:24  Mothership Core (Chrono Boost)  
  25  2:32  Adept  
  27  2:44  Probe, Pylon  
  28  2:54  Oracle (Chrono Boost)  
  31  3:02  Probe  
  32  3:13  Pylon  
  32  3:19  Probe, Gateway  
  33  3:27  Oracle (Chrono Boost)  
  36  3:30  Probe  
  36  3:31  Probe  
  38  3:41  Pylon  
  38  3:48  Forge  
  38  3:51  Probe x2  
  40  4:03  Probe  
  40  4:04  Gateway  
  41  4:16  Void Ray (Chrono Boost)  
  45  4:17  Probe  
  45  4:20  Probe  
  44  5:01  Adept x2  
  44  5:05  Void Ray (Chrono Boost)  
  52  5:07  Probe  
  52  5:08  Probe  
  52  5:10  Protoss Ground Weapons Level 1 (Chrono Boost)  
  54  5:18  Gateway  
  54  5:20  Gateway  
  54  5:21  Gateway  
  54  5:26  Gateway x2  
  54  5:30  Pylon  
  54  5:31  Probe x2, Pylon  
  54  5:33  Pylon  
  56  5:38  Zealot  
  56  5:39  Sentry  
  56  5:41  Sentry  
  62  5:49  Void Ray  
  60  6:17  Probe  
  60  6:19  Probe  
  62  6:28  Probe  
  62  6:31  Probe  
  62  6:32  Void Ray  
  68  6:35  Zealot x3  
  74  6:54  Pylon  
  74  6:57  Pylon  
  74  6:58  Assimilator  
  74  6:59  Probe  
  74  7:00  Probe  
  74  7:01  Assimilator  
  76  7:08  Pylon  
  76  7:12  Probe, Pylon  
  77  7:35  Zealot x2  
  77  7:36  Zealot x5  
  91  7:45  Void Ray  
  95  7:56  Zealot  
  95  7:57  Zealot x6  
  109  8:05  Nexus  
  109  8:07  Probe  
  109  8:08  Pylon  
  109  8:09  Probe  
  109  8:10  Pylon  
  111  8:13  Pylon  
  111  8:17  Pylon  
  111  8:18  Probe  
  112  8:21  Probe  
  113  8:28  Probe  
Show
View Real Time Build Order
Export as new Build Order

Rough Terran 

Build Orders: MMM Bio 

Get SALT Encoding   

  12  0:00  SCV  
  13  0:14  Supply Depot  
  13  0:18  SCV  
  14  0:30  SCV  
  15  0:36  Barracks  
  15  0:49  SCV  
  16  0:52  Refinery  
  16  1:01  SCV  
  17  1:23  Orbital Command  
  17  1:25  Supply Depot  
  17  1:30  Barracks  
  17  1:36  Marine  
  18  2:00  Barracks Reactor  
  18  2:01  SCV  
  19  2:13  SCV  
  20  2:23  Barracks Tech Lab  
  20  2:25  Supply Depot, SCV  
  21  2:40  SCV  
  21  2:42  Marine  
  21  2:43  Marine x2, Command Center  
  25  2:46  Stimpack  
  25  3:03  Factory  
  26  3:05  SCV  
  26  3:07  Refinery  
  26  3:20  Supply Depot  
  26  3:21  Marine  
  26  3:22  Marine x2  
  29  3:28  SCV  
  30  3:37  Engineering Bay  
  30  3:40  SCV  
  31  3:42  Marine x3  
  34  3:49  Starport  
  34  3:52  Factory Tech Lab  
  34  4:01  Marine x2  
  34  4:02  Marine  
  37  4:16  Siege Tank  
  40  4:19  Marine x2  
  27  4:44  SCV  
  25  4:48  SCV  
  26  4:56  SCV  
  27  5:00  SCV  
  28  5:08  SCV  
  28  5:12  SCV  
  30  5:16  Missile Turret  
  30  5:20  SCV  
  31  5:21  Combat Shields  
  31  5:30  SCV  
  31  5:32  SCV  
  33  5:36  Marine x2  
  35  5:43  SCV  
  35  5:44  SCV  
  37  5:53  Marine  
  37  5:54  Marine  
  37  5:56  SCV  
  40  6:04  Marine  
  28  6:07  Orbital Command  
  29  6:11  Marine x2, SCV  
  32  6:23  SCV  
  33  6:30  Missile Turret  
  33  6:34  SCV  
  34  6:44  SCV  
  34  6:45  Barracks  
  34  6:46  SCV  
  36  6:56  SCV  
  36  6:58  Marine x3, SCV  
  41  7:03  Terran Infantry Weapons Level 1  
  41  7:07  Starport Reactor  
  41  7:09  SCV  
  41  7:10  SCV  
  41  7:15  Marine  
  41  7:22  SCV  
  39  7:27  Missile Turret  
  39  7:32  Marine x2  
  39  7:33  Marine  
  39  7:34  Barracks, SCV  
  39  7:35  Barracks Reactor  
  43  7:37  SCV  
  44  7:49  SCV  
  44  7:50  Marine  
  46  8:01  SCV  
  47  8:11  Marine x4  
  51  8:14  SCV  
  52  8:26  SCV  
  53  8:27  Missile Turret  
  53  8:28  Missile Turret  
  37  8:38  SCV  
  38  8:52  Barracks Reactor  
Tags
 
Composition
MMM Bio
Matchup
PvT
Add a new tag
Caveats
  • Supply blocks, unpowered buildings, or Contaminate may cause inaccurate times.
  • Supply counts are checked every 10 seconds.